 Dungeon Crawl Stone Soup version 0.26-a0-1131-g5f66e2dd50 (webtiles) character file.

Game seed: 9128958881935533372

282 Flubber the Sneak (level 6, -4/28 HPs)
             Began as a Spriggan Enchanter on Dec 19, 2020.
             Was a Follower of Dithmenos.
             Slain by a gnoll
             ... wielding a +0 flail
              (13 damage)
             ... on level 3 of the Dungeon.
             The game lasted 00:10:10 (3146 turns).

Flubber the Sneak (Spriggan Enchanter)              Turns: 3146, Time: 00:10:10

Health: -4/28      AC:  2    Str:  4    XL:     6   Next: 6%
Magic:  6/11       EV: 20    Int: 19    God:    Dithmenos [*.....]
Gold:   214        SH:  0    Dex: 16    Spells: 5/11 levels left

rFire    . . .     SeeInvis +   a - +0 dagger (venom)
rCold    . . .     Faith    .   (shield restricted)
rNeg     . . .     Spirit   .   r - +0 robe {Will+}
rPois    .         Reflect  .   (helmet restricted)
rElec    .         Harm     .   (no cloak)
rCorr    .         Rampage  .   (gloves unavailable)
Will     ++...                  (boots unavailable)
Stlth    ++++......             (no amulet)
HPRegen  0.09/turn              g - +4 ring of slaying
MPRegen  0.12/turn              m - ring of flight

@: wreathed by umbra, very quick
A: very small, unfitting armour, see invisible, speed 3
a: Renounce Religion, Evoke Flight


You were on level 3 of the Dungeon.
You worshipped Dithmenos.
Dithmenos was aware of your devotion.
You visited 1 branch of the dungeon, and saw 3 of its levels.

You collected 214 gold pieces.

Inventory:

Hand Weapons
 a - a +0 dagger of venom (weapon)
 j - a +1 dagger
Missiles
 e - 2 throwing nets
Armour
 b - a +1 robe
 r - a +0 robe of willpower (worn)
Jewellery
 g - a +4 ring of slaying (left hand)
 m - a ring of flight (right hand)
Scrolls
 d - 2 scrolls of identify
 k - 3 scrolls of teleportation
 s - a scroll of noise {unknown}
 t - 3 scrolls of remove curse
Potions
 c - a potion of degeneration {unknown}
 f - a potion of haste
 h - a potion of brilliance {unknown}
 i - 2 potions of lignification
 l - 3 potions of curing {unknown}
 n - a potion of flight {unknown}
 o - a potion of magic {unknown}
 p - a potion of heal wounds {unknown}
 q - a potion of mutation {unknown}


   Skills:
 + Level 3.0 Short Blades
 + Level 4.8 Dodging
 * Level 7.4 Stealth
 - Level 3.0 Spellcasting
 + Level 4.8 Hexes


You had 5 spell levels left.
You knew the following spells:

 Your Spells              Type           Power        Failure   Level
a - Corona                Hex            23%          2%          1
b - Ensorcelled Hibernat  Hex/Ice        24%          9%          2
c - Confusing Touch       Hex            21%          6%          3

Your spell library contained the following spells:

 Spells                   Type           Power        Failure   Level
 Tukima's Dance           Hex            21%          6%          3
 Dazzling Flash           Conj/Hex       24%          17%         3


Dungeon Overview and Level Annotations

Branches:
Dungeon (3/15)

Altars:
Dithmenos
Makhleb


Innate Abilities, Weirdness & Mutations

You are very small and have problems with some larger weapons.
You are too small for most types of armour.
You have supernaturally acute eyesight. (SInv)
You cover ground extremely quickly.


Message History

a +0 halberd; a gnoll corpse 2 gnolls come into view.
The gnoll shouts! x2
The gnoll hits you with a +0 whip. The gnoll hits you with a +0 flail!
You hit the gnoll but do no damage.
The gnoll is poisoned.
The gnoll hits you with a +0 whip!
Things that are here:
a +0 halberd; a gnoll corpse
Casting: Ensorcelled Hibernation (safe; 9% risk of failure)
Confirm with . or Enter, or press ? or * to list all spells.
Aiming: Ensorcelled Hibernation (safe; 9% risk of failure)
Press: ? - help, Shift-Dir - straight line, f - gnoll
Aim: a gnoll, wielding a +0 flail (chance to affect: 51%)
The gnoll looks drowsy...
The gnoll shouts!
The gnoll misses you.
You hit the gnoll.
The gnoll is lightly wounded.
The gnoll hits you with a +0 flail!
You die...

##..).................
#.........♣♣♣.♣.♣♣♣♣.
########..♣♣..♣♣♣♣♣..
#...♣♣♣♣_.♣♣..
##.♣♣♣....♣.♣.. #..♣
♣♣♣.♣♣♣♣..
#.(♣♣♣♣♣♣.♣♣♣.#
######.♣.♣..♣♣..♣♣..
#gg@...♣...♣....♣...
#.####..♣.)♣♣♣♣♣♣...
#.........#.#....♣..♣.♣.#
######.##.#.###........##
#.# #.# #........# #.#
#.# #.######.## #.#
#.............. #.#
#####.######### #.# #..


You could see 2 gnolls.

Vanquished Creatures
  A phantom (D:3)
  A scorpion (D:3)
  An orc priest (D:2)
  A gnoll (D:3)
  4 adders
  An ooze (D:3)
  3 dart slugs
  A leopard gecko (D:3)
  3 orcs
  5 giant cockroaches
  11 goblins
  7 hobgoblins
  2 quokkas
  9 bats
  2 frilled lizards (D:3)
  5 kobolds
  5 rats
62 creatures vanquished.

Notes
Turn   | Place    | Note
-------+----------+-------------------------------------------
     0 | D:1      | Flubber the Spriggan Enchanter began the quest for the Orb.
     0 | D:1      | Reached XP level 1. HP: 9/9 MP: 5/5
   273 | D:1      | Reached XP level 2. HP: 9/13 MP: 1/7
   284 | D:1      | Learned a level 2 spell: Ensorcelled Hibernation
   913 | D:1      | Reached skill level 5 in Stealth
  1306 | D:2      | Found a shadowy altar of Dithmenos.
  1318 | D:2      | Became a worshipper of Dithmenos the Shadowed
  1457 | D:2      | Reached XP level 3. HP: 16/16 MP: 6/8
  1707 | D:2      | Learned a level 3 spell: Confusing Touch
  1852 | D:2      | Reached skill level 6 in Stealth
  1852 | D:2      | Reached XP level 4. HP: 21/21 MP: 4/9
  2140 | D:3      | Noticed a phantom
  2163 | D:3      | Reached XP level 5. HP: 14/24 MP: 5/10
  2165 | D:3      | Reached * piety under Dithmenos
  2237 | D:3      | Killed a phantom
  2238 | D:3      | Reached skill level 7 in Stealth
  2758 | D:3      | Found a burning altar of Makhleb.
  2910 | D:3      | Reached XP level 6. HP: 28/28 MP: 11/11
  3108 | D:3      | Found a faded altar of an unknown god.
  3146 | D:3      | Slain by a gnoll

Illustrated notes

Levels and vault maps discovered:
D:1:      giann_wishing_wells, layout_basic, chequers_serial_rivers_micro_e
D:2:      layout_basic, nicolae_dithmenos_through_a_glass_darkly
D:3:      layout_basic, bloody_makhleb, chequers_ecumenical_altar_grove

Skill      XL: |  1  2  3  4  5 |
---------------+----------------+-----
Spellcasting   | 3 |  3.0
Stealth        | 5 6 7 |  7.4
Short Blades   | 2 3 |  3.0
Hexes          | 4 |  4.8
Dodging        | 4 |  4.8

Action                   |  1- 3 |  4- 6 || total
-------------------------+-------+-------++-------
Melee: Dagger            |    63 |    75 ||   138
 Cast: Corona            |     8 |     8 ||    16
       Ensorcelled Hiber |    11 |    10 ||    21
       Confusing Touch   |       |     1 ||     1
  Use: Scroll            |     2 |     5 ||     7
       Potion            |       |     1 ||     1
 Stab: Sleeping          |    19 |    12 ||    31
Armor: Robe              |     7 |     3 ||    10
Dodge: Dodged            |    41 |    48 ||    89

Table legend: (Time is in decaauts)
 A = Elapsed time spent in this place.
 B = Non-inter-level travel time spent in this place.
 C = Inter-level travel time spent in this place.
 D = Time resting spent in this place.
 E = Time spent auto-exploring this place.
 F = Levels seen in this place.
 G = Mean time per level.
                   A        B        C        D        E       F      G
               +--------+--------+--------+--------+--------+-----+--------+
         Total |   2288 |   2259 |     29 |    515 |   1249 |   3 |  762.7 |
       Dungeon |   2288 |   2259 |     29 |    515 |   1249 |   3 |  762.7 |
               +--------+--------+--------+--------+--------+-----+--------+

Top non-repeatable levels by time:
     D:1: 866 daAuts
     D:3: 770 daAuts
     D:2: 651 daAuts
